 Dungeon Crawl Stone Soup version 0.28.0 (webtiles) character file.

Game seed: 9052319660730630825

2391 oldriver the Fighter (level 9, -1/80 (81) HPs)
             Began as a Palentonga Fighter on Feb 4, 2022.
             Was a Follower of Okawaru.
             Slain by a boulder beetle (5 damage)
             ... on level 8 of the Dungeon.
             The game lasted 00:09:53 (11963 turns).

oldriver the Fighter (Palentonga Fighter)          Turns: 11963, Time: 00:09:53

HP:   -1/80 (81)    AC: 13    Str: 22    XL:     9   Next: 22%
MP:   9/9           EV:  8    Int:  8    God:    Okawaru [*.....]
Gold: 56            SH:  4    Dex: 13    Spells: 8/8 levels left

rFire   + . .      SeeInvis +   a - +1 long sword
rCold   . . .      Faith    .   c - +0 buckler
rNeg    . . .      Spirit   .   w - +0 ring mail of the Hall of Blades {Str-3 Dex+4 Stlth+}
rPois   .          Reflect  .   (no helmet)
rElec   .          Harm     .   (no cloak)
rCorr   .          Rampage  .   (no gloves)
Will    .....                   (no barding)
Stlth   ++........              (no amulet)
HPRegen 0.23/turn               u - ring of protection from fire
MPRegen 0.11/turn               (no ring)

@: lightly drained, curled up
A: large, rugged brown scales 3, see invisible, deformed body, roll 1, armoured
tail, reflexive curl
a: Rolling Charge, Renounce Religion, Heroism


You were on level 8 of the Dungeon.
You worshipped Okawaru.
Okawaru was aware of your devotion.
You visited 2 branches of the dungeon, and saw 9 of its levels.
You also visited: Sewer.

You collected 290 gold pieces.
You spent 234 gold pieces at shops.

Inventory:

Hand Weapons
 a - a +1 long sword (weapon)
Missiles
 m - 2 atropa-tipped darts
Armour
 b - a +0 scale mail
 c - a +0 buckler (worn)
 w - the +0 ring mail of the Hall of Blades (worn) {Str-3 Dex+4 Stlth+}
   (You bought it in a shop on level 4 of the Dungeon)

   Str:       It affects your strength (-3).
   Dex:       It affects your dexterity (+4).
   Stlth:     It makes you more stealthy.
Jewellery
 r - a ring of magical power
 u - a ring of protection from fire (left hand)
 x - a +6 ring of dexterity
Wands
 l - a wand of flame (17)
 t - a wand of digging (5)
Scrolls
 f - a scroll of fear
 i - 4 scrolls of teleportation
 k - 2 scrolls of enchant weapon
 y - a scroll of identify
Potions
 d - 3 potions of might
 e - 2 potions of curing
 g - a potion of ambrosia {unknown}
 h - 2 potions of lignification
 j - 3 potions of mutation
 n - 2 potions of cancellation {unknown}
 o - 2 potions of degeneration {unknown}
 p - a potion of attraction {unknown}
 q - a potion of berserk rage {unknown}
 s - 2 potions of heal wounds {unknown}
 v - 2 potions of haste {unknown}


   Skills:
 + Level 9.3 Fighting
 + Level 9.1 Long Blades
 - Level 2.4 Armour
 - Level 2.4 Shields


You had 8 spell levels left.
You didn't know any spells.
Your spell library contained the following spells:

 Spells                   Type           Power      Damage    Failure   Level
 Shock                    Conj/Air       0%         1d3       65%         1
 Static Discharge         Conj/Air       0%         N/A       78%         2
 Confusing Touch          Hex            0%         N/A       95%         3
 Dazzling Flash           Conj/Hex       0%         N/A       95%         3
 Swiftness                Air            0%         N/A       95%         3
 Airstrike                Air            0%         N/A       100%        4
 Iskenderun's Mystic Bla  Conj/Tloc      0%         2d3       100%        4
 Lightning Bolt           Conj/Air       0%         1d11      100%        5
 Yara's Violent Unravell  Hex/Tmut       0%         3d3       100%        5
 Starburst                Conj/Fire      0%         6d3       100%        6
 Enfeeble                 Hex            0%         N/A       100%        7
 Orb of Destruction       Conj           0%         9d5       100%        7
 Maxwell's Capacitive Co  Air            0%         ∞         100%        8
 Summon Guardian Golem    Hex/Summ       Unusable   N/A       N/A         3
 Spellforged Servitor     Conj/Summ      Unusable   N/A       N/A         7

Dungeon Overview and Level Annotations

Branches:
Dungeon (8/15)             Temple (1/1) D:5           Sewer (visited)
   Lair: D:8-11

Altars:
Ashenzari
Cheibriados
Dithmenos
Elyvilon
Fedhas
Gozag
Hepliaklqana
Kikubaaqudgha
Makhleb
Nemelex Xobeh
Okawaru
Qazlal
Ru
Sif Muna
Trog
Uskayaw
Vehumet
Wu Jian
Xom
Yredelemnul
Zin
The Shining One

Shops:
D:4 *

Annotations:
D:6 2 runed translucent doors


Innate Abilities, Weirdness & Mutations

You are completely covered in rugged brown scales. (AC +3, +7% HP)
You have supernaturally acute eyesight. (SInv)
Armour fits poorly on your strangely shaped body.
You can roll at nearby foes to attack.
You have a long armoured tail.
You curl defensively after being hit. (AC +7*)


Message History

You block the boulder beetle's attack.
You hit the boulder beetle but do no damage.
The boulder beetle is lightly wounded.
The boulder beetle bites you but does no damage.
You hit the boulder beetle but do no damage.
The boulder beetle is lightly wounded.
The boulder beetle bites you!!
You are too injured to fight recklessly!
You are too injured to fight recklessly!
You are too injured to fight recklessly!
You slash the boulder beetle!
The boulder beetle is lightly wounded.
You hit the boulder beetle but do no damage.
You tail-slap the boulder beetle, but do no damage.
The boulder beetle is lightly wounded.
The boulder beetle closely misses you.
You hit the boulder beetle.
The boulder beetle is lightly wounded.
The boulder beetle bites you!
* * * LOW HITPOINT WARNING * * *
You hit the boulder beetle.
You tail-slap the boulder beetle, but do no damage.
The boulder beetle is lightly wounded.
You block the boulder beetle's attack.
Okay, then.
As you open the door, it creaks loudly! The boulder beetle bites you!!
* * * LOW HITPOINT WARNING * * *
Unknown command.
There is an open door, spattered with blood here.
The boulder beetle curls into a ball and begins rolling!
You close the door.
You see here a poisoned dart.
A water moccasin comes into view.
The water moccasin hisses angrily.
A gnoll comes into view. It is wielding a +0 flail.
A gnoll shaman comes into view. It is wielding a +0 club.
The water moccasin moves out of view.
The boulder beetle hits you.
You die...

###.. ..g.. ..#.
.g... ...# .... ...
#... ..# #..# ..#
#..##..## #....
#...@...+
#.....+..B...##
#.....#.○###+#
#....##.°## #
#....##.°.# #
#....#....#
#######....#...## ##
#..........+.(.##.(#
#.........B#....((!#


You could see a boulder beetle (rolling).

Vanquished Creatures
  Prince Ribbit (D:6)
  A water moccasin (D:5)
  Pargi (Sewer)
  A black bear (D:5)
  2 sky beasts
  A hornet zombie (D:7)
  An ice beast (D:5)
  A necrophage (D:7)
  3 bullfrogs
  2 scorpions
  A water moccasin zombie (D:5)
  5 wights
  A howler monkey (D:4)
  2 bullfrog zombies (D:6)
  A centaur zombie (D:7)
  2 hounds (D:6)
  2 orc priests
  A gnoll shaman (D:6)
  Natasha (thrice) (D:2)
  An iguana (D:7)
  3 orc wizards
  2 killer bee zombies
  A hound skeleton (D:4)
  A howler monkey zombie (D:5)
  8 gnolls
  A howler monkey skeleton (D:5)
  16 adders
  4 worms
  4 dart slugs
  20 orcs
  10 ball pythons
  5 bats
  2 endoplasms
  5 giant cockroaches
  8 goblins
  5 hobgoblins
  10 jackals
  13 kobolds
  2 quokkas (D:1)
  4 frilled lizards
  5 rats
162 creatures vanquished.

Notes
Turn   | Place    | Note
-------+----------+-------------------------------------------
     0 | D:1      | oldriver the Palentonga Fighter began the quest for the
                  | Orb.
     0 | D:1      | Reached XP level 1. HP: 19/19 MP: 1/1
   304 | D:1      | Reached XP level 2. HP: 24/25 MP: 2/2
   938 | D:1      | Reached XP level 3. HP: 18/32 MP: 3/3
  1620 | D:2      | Reached XP level 4. HP: 38/39 MP: 4/4
  1957 | D:2      | Noticed Natasha
  1964 | D:2      | Killed Natasha
  2305 | D:2      | Reached XP level 5. HP: 32/46 MP: 5/5
  2747 | D:2      | Noticed Natasha
  2987 | D:2      | Killed Natasha
  3190 | D:2      | Found a faded altar of an unknown god.
  3369 | D:3      | Reached skill level 5 in Fighting
  3637 | D:2      | Noticed Natasha
  3640 | D:2      | Killed Natasha
  4046 | D:3      | Reached XP level 6. HP: 54/54 MP: 6/6
  4949 | D:4      | Reached skill level 5 in Long Blades
  6223 | D:3      | Gained mutation: You curl defensively after being hit. (AC
                  | +7*) [Palentonga growth]
  6223 | D:3      | Reached XP level 7. HP: 42/61 MP: 7/7
  6595 | D:4      | Found Hedowo's Assorted Antiques.
  7037 | D:5      | Entered Level 5 of the Dungeon
  7379 | D:5      | Found a shimmering blue altar of Sif Muna.
  7379 | D:5      | Found a stormy altar of Qazlal.
  7635 | D:5      | Found a staircase to the Ecumenical Temple.
  7655 | D:5      | Reached XP level 8. HP: 44/71 MP: 8/8
  7663 | Temple   | Entered the Ecumenical Temple
  8224 | Temple   | Became a worshipper of Warmaster Okawaru
  8557 | D:6      | Noticed Prince Ribbit
  8638 | D:6      | Killed Prince Ribbit
  9051 | D:6      | Found a glowing drain.
  9065 | Sewer    | Entered a sewer
  9091 | Sewer    | Noticed Pargi
  9098 | Sewer    | Killed Pargi
  9589 | D:6      | Identified the +6 rapier of Past Mistakes {chaos, rC+}
  9593 | D:6      | Reached * piety under Okawaru
 10245 | D:4      | Bought a crude ring mail for 234 gold pieces
 10245 | D:4      | Identified the +0 ring mail of the Hall of Blades {Str-3
                  | Dex+4 Stlth+} (You bought it in a shop on level 4 of the
                  | Dungeon)
 10402 | D:5      | Reached XP level 9. HP: 51/74 MP: 9/9
 10784 | D:6      | Found a large runed translucent door.
 10785 | D:6      | Found a large runed translucent door.
 10792 | D:6      | Found a shimmering altar of Xom.
 11729 | D:7      | Noticed a manticore
 11927 | D:8      | Noticed a boulder beetle
 11954 | D:8      | HP: 2/80 [boulder beetle (22)]
 11963 | D:8      | Slain by a boulder beetle

Illustrated notes

Levels and vault maps discovered:
D:1:      dpeg_arrival_prison, layout_loops_ring
D:2:      kb_forest_paths, layout_basic,
          hellmonk_ecumenical_altar_pennies_from_heaven, uniq_natasha
D:3:      layout_basic, minmay_snake_closets
D:4:      layout_cave_pools, serial_forest, infiniplex_forest_end_1,
          infiniplex_forest_zigzag_1, infiniplex_forest_clump_long,
          infiniplex_forest_lined_3, infiniplex_forest_3_way,
          infiniplex_forest_clump_long, infiniplex_forest_clump_curved,
          serial_shops, shop_statue, kennysheep_generic_room_10
D:5:      layout_cave_pools, gammafunk_temple_overflow_elements,
          temple_fountains, minmay_misc_feat_pillars
D:6:      due_chaos_kobolds, layout_rooms, cheibrodos_sewer_entry_drain,
          minmay_unpleasant_kobolds, uniq_prince_ribbit1
D:7:      minmay_the_grid_octo_2x2 [minmay_the_grid_octo_77,
          minmay_the_grid_octo_clover, minmay_the_grid_octo_concentric,
          minmay_the_grid_octo_prize_ultimate_mussel_roller],
          layout_loops_corners
D:8:      layout_gridville, small_statue_intersection,
          hangedman_decor_diamond_cutter
Temple:   mainiacjoe_temple_big_plus

Skill      XL: |  1  2  3  4  5  6  7  8  9 |
---------------+----------------------------+-----
Long Blades    | 3 4 5 6 8 9 |  9.1
Fighting       | 4 5 6 7 8 9 |  9.3
Armour         | |  2.4
Shields        | |  2.4

Action                   |  1- 3 |  4- 6 |  7- 9 || total
-------------------------+-------+-------+-------++-------
Melee: Long sword        |    94 |   190 |   234 ||   518
       Tailslap          |     8 |    16 |    38 ||    62
Throw: Dart              |       |     2 |     9 ||    11
 Abil: Rolling Charge    |    21 |    32 |    29 ||    82
  Use: Potion            |       |     1 |     1 ||     2
       Scroll            |       |       |     9 ||     9
Armor: Scale mail        |    39 |    76 |    80 ||   195
       Ring mail         |       |       |    19 ||    19
Dodge: Dodged            |    30 |    52 |    79 ||   161
Block: Buckler           |    25 |    34 |    45 ||   104
